 Dungeon Crawl Stone Soup version 0.22-a0-348-gd16d139 (webtiles) character file.

339 Auros the Poker (level 6, -2/52 HPs)
             Began as a Minotaur Fighter on Apr 11, 2018.
             Was a Follower of Okawaru.
             Slain by an orc warrior
             ... wielding a +0 battleaxe
              (14 damage)
             ... on level 4 of the Dungeon.
             The game lasted 00:09:00 (2201 turns).

Auros the Poker (Minotaur Fighter)                  Turns: 2201, Time: 00:09:01

Health: -2/52      AC: 13    Str: 20    XL:     6   Next: 29%
Magic:  5/5        EV:  4    Int:  5    God:    Okawaru [*.....]
Gold:   173        SH:  9    Dex: 12    Spells: 5/5 levels left

rFire    . . .     SeeInvis .   r - +4 trident (vamp)
rCold    . . .     Gourm    .   c - +0 shield
rNeg     . . .     Faith    .   g - +0 plate armour
rPois    .         Spirit   .   (helmet restricted)
rElec    .         Reflect  .   t - +1 cloak
rCorr    .         Harm     .   (no gloves)
MR       .....                  (no boots)
Stlth    ..........             (no amulet)
HPRegen  0.17/turn              (no ring)
MPRegen  0.09/turn              (no ring)

@: no status effects
A: retaliatory headbutt, horns 2
a: Heroism, Renounce Religion


You were on level 4 of the Dungeon.
You worshipped Okawaru.
Okawaru was aware of your devotion.
You were not hungry.

You visited 1 branch of the dungeon, and saw 4 of its levels.

You collected 173 gold pieces.

Inventory:

Hand Weapons
 a - a +0 flail
 o - a +0 hunting sling
 r - a +4 vampiric trident (weapon)
 v - a cursed -1 hunting sling
Missiles
 j - 22 arrows
 p - 108 stones (quivered)
 q - 9 poisoned needles
 w - 15 sling bullets
Armour
 b - a +0 scale mail
 c - a +0 shield (worn)
 g - a +0 plate armour (worn)
 k - a +0 cloak
 t - a +1 cloak (worn)
Scrolls
 e - 2 scrolls of noise
 i - 3 scrolls of remove curse
 l - 4 scrolls of identify
 m - 2 scrolls of blinking
 y - a scroll of enchant armour {unknown}
 z - a scroll of enchant weapon
Potions
 d - a potion of might
 h - a potion of heal wounds {unknown}
 s - 2 potions of curing {unknown}
 u - a potion of brilliance {unknown}
 x - 3 potions of flight {unknown}
Comestibles
 f - 6 rations
 n - 9 chunks of flesh


   Skills:
 - Level 3.9 Fighting
 - Level 3.9 Maces & Flails
 + Level 6.2 Polearms
 - Level 3.9 Armour
 - Level 1.4 Dodging
 - Level 3.8 Shields


You had 5 spell levels left.
You didn't know any spells.

Dungeon Overview and Level Annotations

Branches:
Dungeon (4/15)
 Temple: D:4-7

Altars:
Okawaru


Innate Abilities, Weirdness & Mutations

You reflexively headbutt those who attack you in melee.
You have a pair of horns on your head.


Message History

You closely miss the orc warrior.
The orc warrior is heavily wounded.
The orc warrior hits you with a battleaxe!!
You hit the orc warrior.
You feel better.
The orc warrior is severely wounded.
The orc warrior hits you but does no damage.
You closely miss the orc warrior.
The orc warrior is severely wounded.
The orc priest looks encouraged for a moment. x2
You hit the orc warrior but do no damage.
The orc warrior is severely wounded.
You block the orc warrior's attack.
The orc priest calls down the wrath of Beogh upon you.
Beogh smites you!
* * * LOW HITPOINT WARNING * * *
You hit the orc warrior.
You feel better.
You headbutt the orc warrior, but do no damage.
The orc warrior is almost dead.
The orc warrior hits you with a battleaxe!
You die...

#.# ..#
#######.#
#.....#.#
##.##.#o#
#.##.#o#
#.#..#o#
#.#.##@#
#.#.##.####
#.#.##....#
#.#.#####.#
#.#.# #.#
#.#.# #.#
.......
#.#.# #.#
......
#.#.#####.#
#....###
#.#.......#


You could see an orc warrior and 2 orc priests.

Vanquished Creatures
  The ghost of Caerwyn the Cutter, an amateur VSFi (D:4)
  A scorpion (D:4)
  A bullfrog skeleton (D:4)
  A worker ant (D:4)
  4 adders
  An adder skeleton (D:4)
  3 worms
  A dart slug (D:2)
  A leopard gecko (D:2)
  8 orcs (D:4)
  11 bats
  5 giant cockroaches
  8 goblins
  10 hobgoblins
  5 kobolds
  5 frilled lizards
  10 rats
76 creatures vanquished.

Notes
Turn   | Place    | Note
-------+----------+-------------------------------------------
     0 | D:1      | Auros the Minotaur Fighter began the quest for the Orb.
     0 | D:1      | Reached XP level 1. HP: 19/19 MP: 0/0
   118 | D:1      | Reached XP level 2. HP: 26/27 MP: 1/1
   536 | D:2      | Reached skill level 1 in Dodging
   536 | D:2      | Reached XP level 3. HP: 19/33 MP: 2/2
   884 | D:2      | Found an iron altar of Okawaru.
   906 | D:2      | Became a worshipper of Warmaster Okawaru
  1054 | D:2      | Reached skill level 1 in Polearms
  1216 | D:3      | Reached XP level 4. HP: 40/40 MP: 3/3
  1370 | D:3      | Reached skill level 2 in Polearms
  1432 | D:3      | Found a faded altar of an unknown god.
  1828 | D:4      | Reached skill level 3 in Polearms
  1828 | D:4      | Reached XP level 5. HP: 36/46 MP: 4/4
  1912 | D:4      | Reached skill level 4 in Polearms
  2019 | D:4      | Reached * piety under Okawaru
  2023 | D:4      | Reached skill level 5 in Polearms
  2080 | D:4      | Noticed Caerwyn's ghost (amateur VSFi)
  2092 | D:4      | Killed Caerwyn's ghost
  2092 | D:4      | Reached skill level 6 in Polearms
  2092 | D:4      | Reached XP level 6. HP: 45/52 MP: 5/5
  2189 | D:4      | Noticed an orc warrior
  2201 | D:4      | Slain by an orc warrior

Vault maps used:
D:1:      shiori_arrival_maze
D:2:      okawaru_gym_becter, serial_bayou_pond_e
D:3:      cheibrodos_old_hovel, chequers_ecumenical_altar_island
D:4:      first_ration, kennysheep_cluttered_room

Skill      XL: |  1  2  3  4  5 |
---------------+----------------+-----
Maces & Flails | 3 |  3.9
Dodging        | 1 |  1.4
Polearms       | 1 3 6 |  6.2
Fighting       | |  3.9
Armour         | |  3.9
Shields        | |  3.8

Action                   |  1- 3 |  4- 6 || total
-------------------------+-------+-------++-------
Melee: Flail             |   115 |       ||   115
       Headbutt          |    13 |    12 ||    25
       Trident           |    16 |   115 ||   131
  Use: Scroll            |     5 |       ||     5
  Eat: Ration            |     2 |       ||     2
       Chunk             |       |     2 ||     2
Armor: Scale mail        |    21 |       ||    21
       Plate armour      |    56 |    47 ||   103
Dodge: Dodged            |    37 |    11 ||    48
Block: Shield            |    66 |    57 ||   123

Table legend:
 A = Spawn XP
 B = Non-spawn XP
 C = Spawn XP percentage of total XP
 D = Spawn monster count
 E = Non-spawn monster count
 F = Spawn count percentage of total count
 G = Total turns spent on level
                    A         B        C        D         E        F      G
               +---------+---------+-------+---------+---------+-------+---------
         Total |       0 |     485 |   0.0 |       0 |      76 |   0.0 |  2201
               +---------+---------+-------+---------+---------+-------+---------
           D:1 |       0 |      25 |   0.0 |       0 |      16 |   0.0 |   469
           D:2 |       0 |      71 |   0.0 |       0 |      25 |   0.0 |   740
           D:3 |       0 |      47 |   0.0 |       0 |      18 |   0.0 |   550
           D:4 |       0 |     342 |   0.0 |       0 |      17 |   0.0 |   442
               +---------+---------+-------+---------+---------+-------+---------
